 Dungeon Crawl Stone Soup version 0.27-a0-1595-g0b823d0a13 (webtiles) character file.

Game seed: 2346872193753058007

9 Brandom the Skirmisher (level 2, 0/26 HPs)
             Began as a Draconian Abyssal Knight on July 20, 2021.
             Was a Follower of Lugonu.
             Succumbed to a goblin's poison
             ... on level 1 of the Dungeon.
             The game lasted 00:01:28 (980 turns).

Brandom the Skirmisher (Draconian Abyssal Knight)    Turns: 980, Time: 00:01:29

Health: 0/26       AC:  6    Str: 14    XL:     2   Next: 6%
Magic:  3/3        EV: 12    Int: 12    God:    Lugonu [*.....]
Gold:   63         SH:  0    Dex: 10    Spells: 1/1 levels left

rFire    . . .     SeeInvis .   a - +1 falchion
rCold    . . .     Faith    .   (no shield)
rNeg     . . .     Spirit   .   (armour unavailable)
rPois    .         Reflect  .   (helmet restricted)
rElec    .         Harm     .   (no cloak)
rCorr    .         Rampage  .   e - +0 pair of gloves
Will     .....                  d - +0 pair of boots
Stlth    +.........             (no amulet)
HPRegen  0.08/turn              (no ring)
MPRegen  0.08/turn              (no ring)

@: lethally poisoned (0 -> -9), attractive, hasted, very quick
A: AC +4, unfitting armour, cold-blooded
a: Renounce Religion, Depart the Abyss


You were on level 1 of the Dungeon.
You worshipped Lugonu.
Lugonu was aware of your devotion.
You visited 1 branch of the dungeon, and saw 1 of its levels.
You visited the Abyss 1 time.

You collected 63 gold pieces.

Inventory:

Hand Weapons
 a - a +1 falchion (weapon)
Missiles
 g - 4 silver javelins
Armour
 d - a +0 pair of boots (worn)
   (You found it on level 1 of the Dungeon)
 e - a +0 pair of gloves (worn)
   (You found it on level 1 of the Dungeon)
Scrolls
 f - a scroll of blinking {unknown}
 h - 2 scrolls of teleportation {unknown}
 i - a scroll of identify {unknown}


   Skills:
 * Level 3.5 Fighting
 + Level 2.1 Long Blades
 + Level 2.2 Dodging
 + Level 2.2 Invocations


You had one spell level left.
You didn't know any spells.
Your spell library contained the following spells:

 Spells                   Type           Power      Damage    Failure   Level
 Slow                     Hex            0%         N/A       45%         2
 Confusing Touch          Hex            0%         N/A       69%         3
 Yara's Violent Unravell  Hex/Tmut       0%         3d3       100%        5


Dungeon Overview and Level Annotations

Branches:
Dungeon (1/15)

Altars:


Innate Abilities, Weirdness & Mutations

Your plain brown scales are hard. (AC +4)
You cannot fit into any form of body armour.
You are cold-blooded and may be slowed by cold attacks.


Message History

The frilled lizard bites you.
You closely miss the frilled lizard. The frilled lizard barely misses you.
You riposte.
You closely miss the frilled lizard. You miss the frilled lizard.
The frilled lizard barely misses you.
You closely miss the frilled lizard. The frilled lizard barely misses you.
You closely miss the frilled lizard. You tail-slap the frilled lizard.
You kill the frilled lizard!
Lugonu accepts your kill.
You have reached level 2!
Found a stone staircase leading down.
There is a stone staircase leading down here.
You open the door.
Found a scroll labelled ACYL MIOJIQERA.
Found an escape hatch in the floor.
There is an open door here.
h - 2 scrolls labelled ACYL MIOJIQERA (gained 1)
You open the door.
There is an open door here.
A goblin comes into view. It is wielding a +1 dagger of venom.
Found 6 gold pieces.
Found 2 gold pieces.
The goblin closely misses you.
You closely miss the goblin. The goblin hits you but does no damage.
You are poisoned.
You barely miss the goblin.
You tail-slap the goblin, but do no damage.
You feel very sick. The goblin closely misses you.
You riposte.
You completely miss the goblin. You hit the goblin.
You feel sick. The goblin hits you but does no damage.
You are more poisoned.
You closely miss the goblin.
You feel very sick. The goblin closely misses you.
The goblin barely misses you.
You miss the goblin.
You feel very sick.
The goblin hits you with a +1 dagger of venom.
* * * LOW HITPOINT WARNING * * *
You are lethally poisoned!
You hit the goblin.
You kill the goblin!
Lugonu accepts your kill.
* * * LOW HITPOINT WARNING * * *
You feel very sick.
* * * LOW HITPOINT WARNING * * *
You feel very sick.
You see here a +1 dagger of venom.
It was a potion of haste.
You feel yourself speed up.
* * * LOW HITPOINT WARNING * * *
You feel very sick.
It was a potion of attraction.
You feel attractive to monsters.
You die...

#......# ......#
......# .$...#
.....# #.. . #####.#
#.#.# .....# #@#.###
####### ##....
+.....# #......
.....#
#.#$#########.####
.....###########.#.#
#.8_###'##
.....#.....#.....# #
##..8##..#
.....#.....#.#####.
#.^#.##..#
..>..'.....'........
#..####..#
....##.....#######.#
#..^###..#
....##.....#
###..##..#


There were no monsters in sight!

Vanquished Creatures
  An endoplasm (D:1)
  A giant cockroach (D:1)
  2 goblins (D:1)
  2 ball pythons (D:1)
  2 frilled lizards (D:1)
  2 rats (D:1)
10 creatures vanquished.

Notes
Turn   | Place    | Note
-------+----------+-------------------------------------------
     0 | Abyss:1  | Brandom the Draconian Abyssal Knight began the quest for
                  | the Orb.
     0 | Abyss:1  | Reached XP level 1. HP: 19/19 MP: 2/2
    63 | Abyss:1  | Found a corrupted altar of Lugonu.
   177 | Abyss:1  | Noticed a thrashing horror
   181 | Abyss:1  | Found a corrupted altar of Lugonu.
   181 | Abyss:1  | Noticed a wretched star
   182 | D:1      | Escaped the Abyss
   657 | D:1      | Reached * piety under Lugonu
   726 | D:1      | Found a faded altar of an unknown god.
   944 | D:1      | Reached XP level 2. HP: 25/26 MP: 3/3
   979 | D:1      | HP: 1/26 [poisoned by a goblin]
   980 | D:1      | Succumbed to a goblin's poison

Illustrated notes

Levels and vault maps discovered:
D:1:      saegor_arrival_simple_c, layout_basic,
          shapermc_ecumenical_altar_petra, hangedman_decor_diamond_cutter,
          hex_tiny

Action                   || total
-------------------------++-------
Melee: Falchion          ||    26
       Tailslap          ||     4
Invok: Depart the Abyss  ||     1
  Use: Potion            ||     2
Armor: Skin              ||     6
Dodge: Dodged            ||    16
       Rpst.: Falchion   ||     4

Table legend: (Time is in decaauts)
 A = Elapsed time spent in this place.
 B = Non-inter-level travel time spent in this place.
 C = Inter-level travel time spent in this place.
 D = Time resting spent in this place.
 E = Time spent auto-exploring this place.
 F = Levels seen in this place.
 G = Mean time per level.
                   A        B        C        D        E       F      G
               +--------+--------+--------+--------+--------+-----+--------+
         Total |    986 |    986 |      0 |    201 |    669 |   2 |  493.0 |
       Dungeon |    804 |    804 |      0 |    201 |    496 |   1 |  804.0 |
         Abyss |    182 |    182 |      0 |      0 |    173 |   1 |  182.0 |
               +--------+--------+--------+--------+--------+-----+--------+

Top non-repeatable levels by time:
     D:1: 804 daAuts
 Abyss:1: 182 daAuts
